 Dungeon Crawl Stone Soup version 0.29.1-12-g30fa7ad0bf (webtiles) character file.

Game seed: 4445782221338217451

4606 Coaxmetal the Digger (level 10, -1/64 HPs)
             Began as a Gargoyle Earth Elementalist on Dec 18, 2022.
             Was a Believer of Ashenzari.
             Slain by an orc warrior
             ... wielding a +0 glaive
              (20 damage)
             ... in a bailey.
             The game lasted 00:18:33 (9500 turns).

Coaxmetal the Digger (Gargoyle Earth Elementalist)  Turns: 9500, Time: 00:18:33

Health: -1/64      AC: 11    Str: 11    XL:     10   Next: 42%
Magic:  22/22      EV: 15    Int: 25    God:    Ashenzari [**....]
Gold:   528        SH:  5    Dex: 12    Spells: 7/25 levels left

rFire   . . .      SeeInvis +   A - +4 dagger of the Wild Blue Yonder {protect, Cun, Bglg} (curse)
rCold   . . .      Faith    .   (no shield)
rNeg    + . .      Spirit   .   a - +0 robe
rPois   ∞          Reflect  +   (no helmet)
rElec   +          Harm     .   E - +0 cloak
rCorr   .          Rampage  .   (no gloves)
Will    .....                   p - +0 pair of boots
Stlth   +++.......              d - amulet of Supernal Gnosis {Reflect SH+5, Elem, Bglg} (curse)
HPRegen 0.20/turn               r - ring of the Wild Blue Yonder {Int+6, Self, Elem} (curse)
MPRegen 0.18/turn               (no ring)

@: no status effects
A: sickness immunity, AC +7, negative energy resistance 1, electricity
resistance, torment resistance 1, petrification resistance
a: Renounce Religion, Shatter the Chains


You were in a bailey.
You worshipped Ashenzari.
Ashenzari was pleased with you.
You visited 2 branches of the dungeon, and saw 9 of its levels.
You also visited: Bailey.

You collected 528 gold pieces.

Inventory:

Hand Weapons
 y - a +2 dagger of draining
 A - the cursed +4 dagger of the Wild Blue Yonder (weapon) {protect, Cun, Bglg}
   (You took it off Ijyb on level 5 of the Dungeon)

   It grants its wielder temporary protection when it strikes (+7 to AC).
   It has a curse which improves the following skills: Cunning: Dodging and
   Stealth.
   Beguiling: Conjurations, Hexes and Translocations.
Missiles
 C - a silver javelin (quivered)
Armour
 a - a +0 robe (worn)
 p - a +0 pair of boots (worn)
 E - a +0 cloak (worn)
Magical Staves
 v - a staff of cold
Jewellery
 d - the cursed amulet of Supernal Gnosis (around neck) {Reflect SH+5, Elem, Bglg}
   (You found it on level 1 of the Dungeon)

   [amulet of reflection]

   It reflects blocked missile attacks.
   SH:        It affects your SH (+5).
   It has a curse which improves the following skills: Elements: Fire Magic, Ice
   Magic, Air Magic and Earth Magic.
   Beguiling: Conjurations, Hexes and Translocations.
 i - an amulet of guardian spirit
 r - the cursed ring of the Wild Blue Yonder (left hand) {Int+6, Self, Elem}
   (You found it on level 2 of the Dungeon)

   [ring of intelligence]

   Int:       It affects your intelligence (+6).
   It has a curse which improves the following skills: Introspection: Fighting
   and Spellcasting.
   Elements:  Fire Magic, Ice Magic, Air Magic and Earth Magic.
Wands
 o - a wand of paralysis (2)
 u - a wand of roots (23)
 B - a wand of mindburst (6)
 D - a wand of light (11)
 F - a wand of flame (13)
Scrolls
 c - 10 scrolls of identify
 e - a scroll of magic mapping
 g - 6 scrolls of teleportation
 h - a scroll of brand weapon
 j - a scroll of amnesia
 m - a scroll of fog
 n - a scroll of fear
Potions
 f - 2 potions of flight
 k - 2 potions of resistance
 l - a potion of ambrosia
 q - 3 potions of heal wounds
 s - 3 potions of cancellation
 t - 3 potions of haste
 x - a potion of brilliance
 z - 2 potions of curing
 G - a potion of might
 H - a potion of experience


   Skills:
 - Level 6.7(8.0) Fighting
 + Level 6.3(7.6) Dodging
 - Level 5.0(6.2) Stealth
 - Level 6.8(8.1) Spellcasting
 - Level 3.0(4.6) Conjurations
 - Level 0.9(2.0) Hexes
 - Level 0.9(2.0) Translocations
 - Level 0.7 Transmutations
 - Level 3.5(5.2) Air Magic
 - Level 7.5(9.5) Earth Magic


You had 7 spell levels left.
You knew the following spells:

 Your Spells              Type           Power      Damage    Failure   Level
a - Sandblast             Erth           100%       2d20      1%          1
b - Stone Arrow           Conj/Erth      90%        3d12      1%          3
c - Swiftness             Air            36%        N/A       1%          3
d - Blink                 Tloc           40%        N/A       4%          2
e - Leda's Liquefaction   Hex/Erth       19%        N/A       5%          4
f - Lee's Rapid Deconstr  Erth           27%        3d16*     3%          5

Your spell library contained the following spells:

 Spells                   Type           Power      Damage    Failure   Level
 Magic Dart               Conj           100%       1d8       1%          1
 Passwall                 Tmut/Erth      29%        N/A       1%          2
 Searing Ray              Conj           66%        2d6       1%          2
 Beastly Appendage        Tmut           26%        N/A       4%          1
 Ensorcelled Hibernation  Hex/Ice        30%        N/A       6%          2
 Wereblood                Tmut           13%        N/A       7%          2
 Lesser Beckoning         Tloc           20%        N/A       8%          3
 Petrify                  Tmut/Erth      35%        N/A       8%          4
 Spider Form              Tmut/Pois      11%        N/A       16%         3
 Fulminant Prism          Conj/Hex       13%        3d9       16%         4
 Manifold Assault         Tloc           20%        N/A       58%         5
 Statue Form              Tmut/Erth      Unusable   N/A       N/A         6

Dungeon Overview and Level Annotations

Branches:
Dungeon (8/15)             Temple (1/1) D:4          Bailey (1/1)
   Lair: D:8-11

Altars:
Ashenzari
Cheibriados
Dithmenos
Elyvilon
Fedhas
Gozag
Kikubaaqudgha
Nemelex Xobeh
Qazlal
Ru
Trog
Uskayaw
Vehumet
Wu Jian
Yredelemnul
Zin

Shops:
D:3 :   D:5 *


Innate Abilities, Weirdness & Mutations

You are immune to sickness and miasma.
Your stone body is resilient. (AC +7)
You are immune to poison.
You resist negative energy. (rN+)
You are resistant to electric shocks. (rElec)
You are resistant to unholy torment.
You are immune to petrification.


Message History

You hear a shout!
Things that are here:
a +0 glaive; a +0 ring mail; a +0 war axe
Items here: )) [ †.
Casting: Sandblast (safe; 1% risk of failure)
Confirm with . or Enter, or press ? or * to list all spells.
Aiming: Sandblast (safe; 1% risk of failure)
Press: ? - help, Shift-Dir - straight line, f/p - orc warrior
Aim: an orc warrior, wielding a +0 glaive and wearing a +0 plate armour (severely wounded, strong, 85% to hit)
The blast of sand hits the orc warrior.
The orc warrior is severely wounded.
The orc warrior closely misses you.
There is an open door here.
Items here: ))) [ †.
Things that are here:
a +0 war axe; an orc corpse You close the door, pushing everything out of the way.
Items here: ))) †.
An orc warrior opens the door.
You close the door.
An orc warrior opens the door.
An orc warrior comes into view. It is wielding a +0 spear.
You close the door.
An orc warrior opens the door.
You close the door.
An orc warrior breaks down the door.
It's broken and can't be closed.
The orc warrior no longer looks unusually strong.
The orc knight roars a battlecry!
The orc warriors go into a battle-frenzy!
There is an open door here.
Casting: Sandblast (safe; 1% risk of failure)
Confirm with . or Enter, or press ? or * to list all spells.
Aiming: Stone Arrow (safe; 1% risk of failure)
Press: ? - help, Shift-Dir - straight line, f/p - orc warrior
Aim: an orc warrior, wielding a +0 glaive and wearing a +0 plate armour (severely wounded, strong, 76% to hit)
The stone arrow hits the orc warrior but does no damage.
The orc warrior is severely wounded.
The orc warrior hits you from afar with a +0 glaive.
* * * LOW HITPOINT WARNING * * *
Magic courses through your body.
The orc warrior hits you from afar with a +0 glaive!!
You die...

#..#8#..#
#.......#
##..[).##
###'###
#†).#
#.o.#
#.o.#
#...#
###@###
##.....##
#.......#
#.....))#
#.......#
#..#.#.)#
#.##8##)#
#..#.#..#
#.......#


You could see an orc knight and an orc warrior (strong).

Vanquished Creatures
  An orc knight (Bailey)
  4 yaks
  Eustachio (D:6)
  8 orc warriors
  3 ice beasts
  3 sky beasts
  2 black bears (D:5)
  2 ogres
  3 phantoms
  Blork the orc (D:5)
  A kobold brigand (D:6)
  3 bullfrogs
  3 scorpions
  3 wights
  3 killer bees (D:8)
  3 howler monkeys
  3 hounds
  A gnoll bouda (D:6)
  A jelly (D:5)
  3 iguanas
  Ijyb (D:5)
  2 orc wizards
  Robin (D:3)
  8 adders
  7 gnolls
  A shadow imp (D:5)
  4 white imps
  2 ufetubi
  2 worms
  A dart slug (D:3)
  29 orcs
  3 bats
  7 endoplasms
  4 giant cockroaches
  13 goblins
  11 hobgoblins
  6 jackals
  6 quokkas
  11 ball pythons
  2 frilled lizards
  8 kobolds
  4 rats
185 creatures vanquished.

Notes
Turn   | Place    | Note
-------+----------+-------------------------------------------
     0 | D:1      | Coaxmetal the Gargoyle Earth Elementalist began the quest
                  | for the Orb.
     0 | D:1      | Reached XP level 1. HP: 10/10 MP: 3/3
   146 | D:1      | Reached XP level 2. HP: 16/16 MP: 1/5
   940 | D:2      | Found a faded altar of an unknown god.
  1006 | D:2      | Reached skill level 1 in Fighting
  1013 | D:2      | Reached XP level 3. HP: 20/20 MP: 0/6
  1205 | D:2      | Reached skill level 4 in Earth Magic
  1259 | D:2      | Reached XP level 4. HP: 25/25 MP: 2/7
  2270 | D:3      | Reached XP level 5. HP: 30/30 MP: 6/9
  2318 | D:3      | Found Henaxuok's Book Emporium.
  2341 | D:3      | Learned a level 3 spell: Stone Arrow
  2682 | D:3      | Noticed Robin
  2710 | D:3      | Killed Robin
  3213 | D:4      | Reached skill level 1 in Conjurations
  3351 | D:4      | Noticed an orc warrior
  3769 | D:4      | Reached XP level 6. HP: 36/36 MP: 7/10
  3837 | D:4      | Reached skill level 5 in Earth Magic
  4027 | D:4      | Killed an orc warrior
  4198 | D:4      | Reached XP level 7. HP: 31/40 MP: 7/11
  4359 | D:4      | Found a staircase to the Ecumenical Temple.
  4389 | D:4      | Found a stormy altar of Qazlal.
  4408 | D:4      | Noticed Blork the orc
  4834 | Temple   | Entered the Ecumenical Temple
  4882 | Temple   | Became a worshipper of Ashenzari the Shackled
  4906 | D:5      | Entered Level 5 of the Dungeon
  5076 | D:5      | Reached skill level 6 in Earth Magic
  5245 | D:5      | Killed Blork the orc
  5684 | D:4      | Learned a level 3 spell: Swiftness
  5693 | D:5      | Reached XP level 8. HP: 43/46 MP: 8/13
  5998 | D:5      | Found Mishre's Gadget Gallery.
  6266 | D:5      | Reached skill level 1 in Air Magic
  6470 | D:5      | Noticed Ijyb
  6477 | D:5      | Killed Ijyb
  6810 | D:5      | Found a hide-covered altar of Uskayaw.
  6883 | D:6      | Reached skill level 5 in Stealth
  6914 | D:6      | Reached skill level 7 in Earth Magic
  7200 | D:6      | Noticed Eustachio
  7206 | D:6      | Killed Eustachio
  7239 | D:6      | Reached XP level 9. HP: 52/52 MP: 12/15
  7751 | D:6      | Reached skill level 5 in Fighting
  7923 | D:7      | Reached * piety under Ashenzari
  8158 | D:7      | Reached skill level 5 in Spellcasting
  8339 | D:7      | Reached ** piety under Ashenzari
  8367 | D:7      | Learned a level 2 spell: Blink
  8372 | D:7      | Learned a level 4 spell: Leda's Liquefaction
  8378 | D:7      | Learned a level 5 spell: Lee's Rapid Deconstruction
  9009 | D:7      | Reached skill level 5 in Dodging
  9057 | D:8      | Reached XP level 10. HP: 57/64 MP: 3/20
  9205 | D:8      | Found a flagged portal.
  9216 | Bailey   | Entered a bailey
  9440 | Bailey   | Noticed an orc knight
  9464 | Bailey   | Killed an orc knight
  9482 | Bailey   | Noticed an orc knight
  9500 | Bailey   | Slain by an orc warrior

Illustrated notes

Levels and vault maps discovered:
D:1:      lemuel_arrival_cross, layout_loops_ring, minmay_hedge_maze
D:2:      layout_loops_corners, nicolae_ecumenical_oubliette, minmay_domino_4
D:3:      layout_basic, serial_shops, nicolae_shop_hallway_stairs, uniq_robin
D:4:      minmay_inner_zag, layout_basic, grunt_qazlal_sundering,
          minmay_temple_entry_purple_smoke, nrook_loot_triangle,
          grunt_ministairs_11, grunt_decor_arrowhead, moated_statue,
          uniq_sigmund, uniq_blork_the_orc
D:5:      layout_loops_corners, lemuel_round_altar, nicolae_shop_gadgets,
          uniq_ijyb
D:6:      layout_cave_pods, nicolae_underground_beach, uniq_eustachio
D:7:      layout_basic
D:8:      minmay_cornered_nines, layout_rooms, lemuel_coloured_pillars_altar,
          chequers_temple_overflow_statue_of_worship, erik_lair_orcish_takeover,
          chequers_ossuary_entry_cave, enter_bailey_4,
          hangedman_decor_peaks_small, st_stairs_12, uniq_joseph,
          uniq_prince_ribbit1
Temple:   nicolae_temple_ecumenical_triangle
Bailey:   bailey_polearm_5, bailey

Skill      XL: |  1  2  3  4  5  6  7  8  9 10 |
---------------+-------------------------------+-----
Fighting       | 1 2 3 4 6 |  6.7
Dodging        | 2 3 5 6 |  6.3
Earth Magic    | 4 5 6 7 |  7.5
Stealth        | 3 4 5 |  5.0
Conjurations   | 1 2 3 |  3.0
Spellcasting   | 3 4 5 6 |  6.8
Air Magic      | 2 3 |  3.5
Hexes          | |  0.9
Translocations | |  0.9
Transmutations | |  0.7

Action                   |  1- 3 |  4- 6 |  7- 9 | 10-12 || total
-------------------------+-------+-------+-------+-------++-------
Melee: Unarmed           |     3 |     3 |       |       ||     6
       Punch             |       |     1 |       |       ||     1
       Dagger            |       |       |     8 |     8 ||    16
Throw: Throwing net      |       |       |       |     3 ||     3
       Javelin           |       |       |       |     1 ||     1
 Cast: Sandblast         |    42 |    97 |   137 |    17 ||   293
       Stone Arrow       |       |     3 |    20 |     5 ||    28
       Lee's Rapid Decon |       |       |     6 |     7 ||    13
       Blink             |       |       |     1 |     1 ||     2
Invok: Curse Item        |       |       |     3 |       ||     3
  Use: Scroll            |       |     3 |     2 |       ||     5
       Potion            |       |     2 |       |     2 ||     4
 Stab: Sleeping          |       |       |     1 |     4 ||     5
Armor: Robe              |     3 |    13 |    25 |     6 ||    47
Dodge: Dodged            |     5 |    27 |    56 |    15 ||   103
Block: Other             |     3 |    18 |    23 |     5 ||    49
       Reflection        |     1 |     1 |     1 |       ||     3
